AoeStats
← paikiturbo

Black Forest

510896565Analyzed
3v3 RM · 13h ago on Oct 3, 2026· 46m 27s· 6 players
Game mode
Random Map
Map size
Normal (6 player)
Population
200
Speed
Normal
Resources
Standard
Victory
Conquest
Starting age
Dark Age
Ending age
Imperial Age
RankedLock teamsTeams togetherTeam positionsShared explorationLock speedFull tech treeHidden civsTurbo modeCheats
Victory
Defeat
🇺🇸 Byzantines · United States
1045
+15
🇺🇸 Portuguese · United States
1034
+15
🇺🇸 Danes · United States
995
+17
🇨🇱 Franks · Chile
1043
-17
🇺🇸 Turks · United States
997
-15
🇦🇷 Persians · Argentina
996
-15
I can't get no mattisfaction
1:53 Loom
11:39 Feudal Age
16:45 Castle Age
15:10 Double-Bit Axe
15:30 Horse Collar
20:38 Wheelbarrow
21:04 Bow Saw
25:28 Heavy Plow
30:39 Imperial Age
28:09 Fletching
29:04 Hand Cart
28:45 Town Watch
28:56 Gold Mining
29:05 Stone Mining
29:22 Bodkin Arrow
30:29 Ballistics
30:26 Town Patrol
31:08 Stone Shaft Mining
32:36 Chemistry
31:22 Elite Organ Gun
33:21 Two-Man Saw
32:45 Caravan
33:09 Conscription
33:08 Bracer
33:34 Scale Mail Armor
34:04 Siege Engineers
34:58 Crop Rotation
35:00 Masonry
35:42 Arquebus
36:19 Architecture
35:36 Pikeman
36:29 Forging
36:35 Chain Mail Armor
36:09 Gambesons
36:23 Arson
36:00 Halberdier
37:38 Iron Casting
37:37 Plate Mail Armor
39:18 Blast Furnace
dr.kevinbubbles.ph.d
10:49 Feudal Age
12:06 Loom
14:40 Castle Age
13:35 Double-Bit Axe
13:33 Horse Collar
19:28 Bow Saw
22:06 Heavy Plow
27:58 Wheelbarrow
31:22 Imperial Age
29:53 Hand Cart
29:43 Gold Mining
29:48 Stone Mining
31:19 Forging
31:10 Scale Mail Armor
32:27 Siege Engineers
31:49 Onager
32:21 Elite Varangian Guard
32:48 Gambesons
33:03 Squires
32:49 Arson
33:38 Siege Onager
36:28 Chain Mail Armor
36:48 Iron Casting
40:18 Blast Furnace
39:49 Plate Mail Armor
theclaydude
1:02 Loom
13:49 Feudal Age
19:17 Castle Age
18:02 Double-Bit Axe
18:56 Fletching
21:54 Bow Saw
22:19 Horse Collar
27:12 Heavy Plow
29:20 Squires
30:49 Wheelbarrow
30:49 Gold Mining
32:03 Husbandry
31:26 Elite Skirmisher
32:13 Squires
31:58 Gambesons
31:35 Pikeman
32:47 Ballistics
35:46 Imperial Age
33:56 Fortified Wall
34:44 Thumb Ring
34:57 Forging
34:43 Bodkin Arrow
34:55 Scale Barding Armor
35:01 Stone Mining
35:50 Gold Shaft Mining
37:47 Chemistry
37:42 Arson
38:21 Bracer
40:06 Elite Varangian Guard
40:09 Halberdier
41:17 Chain Barding Armor
40:59 Scale Mail Armor
41:45 Caravan
45:01 Two-Man Saw
44:16 Elite Cataphract
46:41 Stone Shaft Mining
minondo007
0:30 Loom
16:09 Feudal Age
23:25 Castle Age
21:51 Double-Bit Axe
22:23 Horse Collar
26:14 Bow Saw
30:23 Wheelbarrow
35:58 Imperial Age
34:29 Gold Mining
35:12 Caravan
35:33 Fortified Wall
35:42 Heavy Plow
37:01 Hand Cart
36:32 Town Watch
38:02 Conscription
37:46 Artillery
38:20 Elite Janissary
paikiturbo
15:13 Feudal Age
17:17 Double-Bit Axe
20:25 Castle Age
18:23 Gold Mining
21:49 Horse Collar
23:38 Husbandry
23:49 Bloodlines
28:14 Heavy Plow
30:26 Wheelbarrow
34:19 Imperial Age
32:49 Hand Cart
32:44 Scale Barding Armor
33:59 Forging
33:41 Fletching
35:58 Loom
35:42 Cavalier
37:15 Iron Casting
37:01 Chain Barding Armor
39:59 Blast Furnace
39:35 Plate Barding Armor
39:07 Savar
LRNI Streck
5:05 Loom
11:03 Feudal Age
11:16 Man-at-Arms
11:50 Double-Bit Axe
12:37 Gold Mining
15:42 Wheelbarrow
22:07 Castle Age
20:53 Stone Mining
21:11 Scale Barding Armor
21:17 Forging
23:46 Gold Shaft Mining
23:29 Bow Saw
23:22 Fletching
23:54 Chain Barding Armor
23:44 Forging
25:21 Hand Cart
26:59 Fletching
31:27 Imperial Age
32:02 Husbandry
32:39 Iron Casting
32:00 Bodkin Arrow
32:07 Scale Mail Armor
32:31 Conscription
34:06 Cavalier
35:24 Plate Barding Armor
35:50 Blast Furnace
37:21 Chain Mail Armor
36:34 Paladin
37:56 Ballistics
39:09 Paladin
41:26 Plate Mail Armor
41:36 Crossbowman
45:32 Chemistry
Connection lost

Rejoining the realm…

Still unreachable

The connection could not be restored.

Session expired

The server has moved on; the page needs a fresh start.